 Dungeon Crawl Stone Soup version 0.32-a0-312-g1d7162e751 (webtiles) character file.

Game seed: 3557773454658767397

156382 fgjk the Tortoise (level 17, -8/159 HPs)
             Began as a Minotaur Fighter on Feb 15, 2024.
             Was the Champion of Okawaru.
             Killed from afar by Bai Suzhen (20 damage)
             ... with a torrent of water
             ... on level 3 of the Snake Pit.
             The game lasted 00:53:24 (28590 turns).

fgjk the Tortoise (Minotaur Fighter)               Turns: 28590, Time: 00:53:25

Health: -8/159     AC: 30    Str: 27    XL:     17   Next: 10%
Magic:  23/23      EV: 20    Int:  5    God:    Okawaru [******]
Gold:   1224       SH: 26    Dex: 16    Spells: 16/16 levels left

rFire   . . .        c - +5 broad axe (elec)
rCold   + + .        K - +5 kite shield {AC+3}
rNeg    . . .        W - +4 chain mail {rC+}
rPois   +            (helmet restricted)
rElec   .            X - +1 cloak {rC+}
rCorr   .            i - +1 pair of gloves
SInv    +            y - +0 pair of boots of Contentment {SInv Stlth+}
Will    ++...        r - amulet of reflection
Stlth   ++           m - ring of flight
HPRegen 0.46/turn    S - ring of Ekhlaal {Will+ Dex+4}
MPRegen 0.18/turn

%: reflection
@: mighty, heroic, flying, studying Polearms
A: horns 2, retaliatory headbutt, poison resistance, sturdy frame 1
a: Renounce Religion, Heroism, Finesse, Duel


You were on level 3 of the Snake Pit.
You worshipped Okawaru.
Okawaru was exalted by your worship.
You visited 5 branches of the dungeon, and saw 26 of its levels.
You visited 1 bazaar.
You also visited: Gauntlet and Ice Cave.

You collected 3206 gold pieces.
You spent 1982 gold pieces at shops.

Inventory:

Hand Weapons
 a - a +2 war axe of flaming
 c - a +5 broad axe of electrocution (weapon)
 C - the +7 war axe "Gaotaeni" {drain, Will+}
   (Okawaru gifted it to you on level 10 of the Dungeon)

   Will+:     It increases your willpower.
Missiles
 b - 7 throwing nets (quivered)
Armour
 d - a +2 pair of boots
 i - a +1 pair of gloves (worn)
 n - a scarf of resistance
 y - the +0 pair of boots of Contentment (worn) {SInv Stlth+}
   (You found it on level 9 of the Dungeon)

   SInv:      It lets you see invisible.
   Stlth+:    It makes you more stealthy.
 D - the scarf of Sameoq {shadows, rN++ Stlth+}
   (Okawaru gifted it to you on level 10 of the Dungeon)

   rN++:      It greatly protects you from negative energy.
   Stlth+:    It makes you more stealthy.
 K - a +5 kite shield of protection (worn)
 W - a +4 chain mail of cold resistance (worn)
 X - a +1 cloak of cold resistance (worn)
Jewellery
 h - a +6 ring of intelligence
 m - a ring of flight (left hand)
 r - an amulet of reflection (around neck)
 R - the amulet "Paak" {Acrobat rF+ rCorr}
   (You found it in a Gauntlet)

   [amulet of the acrobat]

   Acrobat:   It increases your evasion while moving and waiting.
   rF+:       It protects you from fire.
   rCorr:     It protects you from acid and corrosion.
 S - the ring of Ekhlaal (right hand) {Will+ Dex+4}
   (You found it in a Gauntlet)

   [ring of willpower]

   Dex+4:     It affects your dexterity (+4).
   Will+:     It increases your willpower.
Talismans
 N - a talisman of death
Wands
 l - a wand of polymorph (22)
 t - a wand of iceblast (10)
 u - a wand of flame (15)
 v - a wand of paralysis (26)
 G - a wand of digging (7)
 I - a wand of mindburst (34)
 P - a wand of acid (2)
Scrolls
 e - 7 scrolls of revelation
 f - 10 scrolls of identify
 k - a scroll of immolation
 p - 5 scrolls of fear
 s - 10 scrolls of teleportation
 x - 9 scrolls of fog
 z - 4 scrolls of blinking
 T - 5 scrolls of brand weapon
Potions
 g - 4 potions of attraction
 q - 10 potions of curing
 A - 2 potions of might
 B - 5 potions of haste
 E - 3 potions of mutation
 F - 4 potions of resistance
 H - 3 potions of ambrosia
 J - 5 potions of enlightenment
 L - 5 potions of magic
 M - a potion of lignification
 O - a potion of cancellation
 Q - 2 potions of invisibility
Miscellaneous
 j - a lightning rod (4/4)
 o - a condenser vane


   Skills:
 + Level 16.5(21.5) Fighting
 + Level 16.2(21.2) Axes
 + Level 16.5(21.5) Armour
 + Level 14.8(19.8) Dodging
 + Level 16.5(21.5) Shields
 - Level 10.0 Invocations


You had 16 spell levels left.
You didn't know any spells.
Your spell library contained the following spells:

 Spells                   Type           Power      Damage    Failure   Level
 Freeze                   Ice            0%         1d3       75%         1
 Kiss of Death            Conj/Necr      0%         2d5       75%         1
 Shock                    Conj/Air       0%         1d3       75%         1
 Sting                    Conj/Alch      0%         1d3       75%         1
 Cigotuvi's Dreadful Rot  Necr/Alch/Air  0%         N/A       87%         2
 Static Discharge         Conj/Air       0%         3-3/arc   87%         2
 Sublimation of Blood     Necr           0%         N/A       87%         2
 Confusing Touch          Hex            0%         N/A       98%         3
 Frozen Ramparts          Ice            0%         1d1       98%         3
 Gell's Gravitas          Tloc           0%         N/A       98%         3
 Hailstorm                Conj/Ice       0%         3d5       98%         3
 Inner Flame              Hex/Fire       0%         N/A       98%         3
 Swiftness                Air            0%         N/A       98%         3
 Teleport Other           Tloc           0%         N/A       98%         3
 Airstrike                Air            0%         2d(0-16)  100%        4
 Cause Fear               Hex            0%         N/A       100%        4
 Dispel Undead            Necr           0%         3d6       100%        4
 Flame Wave               Conj/Fire      0%         2d4       100%        4
 Passage of Golubria      Tloc           0%         N/A       100%        4
 Sticky Flame             Fire/Alch      0%         2d4       100%        4
 Vhi's Electric Charge    Tloc/Air       0%         N/A       100%        4
 Fireball                 Conj/Fire      0%         3d3       100%        5
 Irradiate                Conj/Alch      0%         3d11      100%        5
 Silence                  Hex/Air        0%         N/A       100%        5
 Dispersal                Tloc           0%         N/A       100%        6
 Ozocubu's Refrigeration  Ice            0%         4d7       100%        7
 Ignition                 Fire           0%         3d3       100%        8
 Lehudib's Crystal Spear  Conj/Erth      0%         10d2      100%        8
 Polar Vortex             Ice            0%         N/A       100%        9
 Call Imp                 Summ           Unusable   N/A       N/A         2
 Summon Lightning Spire   Summ/Air       Unusable   N/A       N/A         4
 Sculpt Simulacrum        Ice/Alch       Unusable   N/A       N/A         6
 Summon Hydra             Summ           Unusable   N/A       N/A         7
 Dragon's Call            Summ           Unusable   N/A       N/A         9

Dungeon Overview and Level Annotations

Branches:
Dungeon (15/15)            Temple (1/1) D:5            Lair (5/5) D:9
  Swamp (0/4) Lair:2        Snake (3/4) Lair:3        Slime (0/5) Lair:5
    Orc (2/2) D:10            Elf (0/3) Orc:2        Vaults (0/5) D:13
 Depths (0/4) D:15          IceCv (visited)         Gauntlet (visited)

Altars:
Ashenzari
Cheibriados
Dithmenos
Elyvilon
Fedhas
Gozag
Hepliaklqana
Kikubaaqudgha
Makhleb
Nemelex Xobeh
Okawaru
Qazlal
Ru
Sif Muna
Trog
Uskayaw
Vehumet
Wu Jian
Xom
Yredelemnul
Zin
The Shining One
Beogh
Jiyva

Shops:
D:4 :?=   D:15 [   Orc:1 !   Orc:2 *[(:   Snake:2 *   Snake:3 *[(

Portals:
Abyss: D:3

Annotations:
D:3 2 transporters, Drangen's ghost, amateur GrEE
D:4 2 runed translucent doors, mn3067's ghost, amateur TrFi
Snake:3 Bai Suzhen


Innate Abilities, Weirdness & Mutations

You have a pair of horns on your head.
You reflexively headbutt those who attack you in melee.
Your system is resistant to poisons. (rPois)
Your movements are slightly less encumbered by armour. (ER -2)


Message History

You hit Bai Suzhen.
You headbutt Bai Suzhen, but do no damage.
Bai Suzhen is heavily wounded.
You completely miss the 11-headed hydra.
Bai Suzhen breathes water at you.
You block the torrent of water... and reflect it back!
The torrent of water hits Bai Suzhen!!
The wave splashes down.
You hear an angry hiss. x4
You slice Bai Suzhen!!
You headbutt Bai Suzhen, but do no damage.
Bai Suzhen is severely wounded.
You slice one of the 11-headed hydra's heads off!
The ten-headed hydra grows two more!
You slice the 12-headed hydra!!
You are engulfed in a thunderstorm.
* * * LOW HITPOINT WARNING * * *
You block the 12-headed hydra's attack.
The 12-headed hydra closely misses you. x2
You block the 12-headed hydra's attack. x2
The 12-headed hydra bites you but does no damage.
The 12-headed hydra misses you.
The 12-headed hydra bites you but does no damage.
The 12-headed hydra barely misses you.
The 12-headed hydra bites you but does no damage. x3
Bai Suzhen closely misses you. You furiously retaliate!
You headbutt Bai Suzhen! Bai Suzhen closely misses you.
Bai Suzhen tramples you but does no damage.
Unknown command.
You feel very mighty all of a sudden. You block the 12-headed hydra's attack.
The 12-headed hydra bites you!
* * * LOW HITPOINT WARNING * * *
You block the 12-headed hydra's attack. x2
The 12-headed hydra bites you but does no damage.
The 12-headed hydra bites you!
* * * LOW HITPOINT WARNING * * *
The 12-headed hydra closely misses you.
The 12-headed hydra bites you but does no damage.
The 12-headed hydra completely misses you. x2
The 12-headed hydra bites you but does no damage. x2
Bai Suzhen breathes water at you. The torrent of water hits you!!
You die...

.........# .........# .........#
#...........# .........#. ##
#............#
.........#'###.###............###
...............................#.
.................................
...............§~~§...####.......
................DD§.# #..###....#
..............§.@§§.# .....'....#
....########.###....# .....#..###
..))#..... #....# .....#...##
...(#... #....# .... #....#
....#.# #....# ... #..#.# ....).#
#....### ##....# ....###
#......#####....## ....#
#...............# ....#
####...............#


You could see Bai Suzhen (clouds, catching breath) and a 12-headed hydra
(summoned).

Vanquished Creatures
  Jorgrun (Snake:3)
  Rupert (D:15)
  The ghost of Enothyex the Spry, an adept OpSh of Hepliaklqana (Snake:3)
  A fire giant (D:15)
  2 nagarajas (Snake:3)
  Roxanne (D:14)
  A frost giant (IceCv)
  Louise (Snake:1)
  An orc warlord (Orc:2)
  Nessos (D:14)
  A minotaur (Gauntlet)
  An entropy weaver (Gauntlet)
  Fannar (Lair:2)
  Josephine (Lair:3)
  A salamander tyrant (Snake:2)
  Erolcha (D:13)
  6 hydras
  An ogre mage (D:15)
  3 centaur warriors
  A vault guard (D:13)
  3 boulder beetles (D:14)
  11 two-headed ogres
  7 death yaks
  5 anacondas
  4 naga warriors
  3 orc high priests
  2 tengu warriors
  Urug (Lair:2)
  5 shock serpents
  10 naga sharpshooters
  Nergalle (Lair:2)
  The ghost of Vontreibholz the Basher, a novice HOFi of Okawaru (D:8)
  A skyshark (Lair:2)
  A salamander mystic (Snake:2)
  A fire crab (Lair:3)
  A bog body (Lair:2)
  A swamp dragon (shapeshifter) (D:14)
  8 sea snakes (Snake:2)
  3 naga ritualists
  5 mana vipers
  2 arcanists
  2 orc knights (Orc:2)
  2 deep elf pyromancers
  Pikel (D:8)
  2 manticores (D:14)
  4 orc sorcerers
  3 salamanders
  11 ugly things
  6 cyclopes
  3 guardian serpents
  A meliai (D:6)
  8 naga magi
  14 black mambas
  6 kobold blastminers
  An ice statue (IceCv)
  19 elephants
  A smoke demon (Gauntlet)
  10 cane toads
  A torpor snail (Lair:5)
  Maggie (D:6)
  2 gargoyles
  2 unseen horrors
  2 efreet
  16 komodo dragons
  3 rime drakes
  A tengu conjurer (D:14)
  2 ice devils (Orc:2)
  A queen bee (shapeshifter) (D:14)
  4 merfolk (D:12)
  4 trolls
  A wolf spider simulacrum (D:15)
  6 hornets
  15 polar bears
  Grinder (D:5)
  A raiju (shapeshifter) (D:15)
  2 dream sheep (Lair:5)
  15 blink frogs
  9 slime creatures
  A centaur simulacrum (D:14)
  20 spriggans
  A jumping spider (Gauntlet)
  2 shadows
  A vampire (D:13)
  6 wraiths
  5 wyverns
  64 yaks
  A basilisk (shapeshifter) (D:15)
  7 basilisks
  11 humans (D:12)
  A redback (Gauntlet)
  9 vampire mosquitoes
  5 wargs
  Menkaure (D:6)
  35 nagas
  3 acid dragons
  22 water moccasins
  A swamp drake (D:10)
  42 orc warriors
  A sky beast (D:6)
  A swamp drake (shapeshifter) (D:15)
  5 black bears
  A laughing skull (D:13)
  13 ogres
  4 boggarts (Lair:5)
  39 wolves
  2 centaurs (D:10)
  3 kobold brigands
  2 lemures (D:8)
  20 bullfrogs
  Blork the orc (D:4)
  2 gnoll sergeants (D:10)
  A scorpion (D:5)
  25 wights
  A hornet simulacrum (D:15)
  3 killer bees (D:10)
  5 electric eels
  4 crimson imps (Gauntlet)
  3 hounds
  21 orc priests
  A sleepcap (D:7)
  2 gnoll boudas
  3 iguanas
  Natasha (thrice) (D:4)
  25 orc wizards
  20 gnolls
  6 adders
  A shadow imp (D:7)
  6 ufetubi
  2 dart slugs
  A ribbon worm (D:2)
  100 orcs
  4 bats
  4 endoplasms
  A giant cockroach (D:1)
  A goblin (D:2)
  7 hobgoblins
  5 jackals (D:2)
  2 quokkas
  4 ball pythons
  3 frilled lizards
  19 kobolds
  6 rats
908 creatures vanquished.

Vanquished Creatures (others)
  A salamander tyrant (Snake:3)
1 creature vanquished.

Grand Total: 909 creatures vanquished

Notes
Turn   | Place    | Note
-------+----------+-------------------------------------------
     0 | D:1      | fgjk the Minotaur Fighter began the quest for the Orb.
     0 | D:1      | Reached XP level 1. HP: 19/19 MP: 0/0
   296 | D:1      | Reached XP level 2. HP: 24/27 MP: 1/1
  1098 | D:2      | Reached skill level 1 in Dodging
  1131 | D:2      | Reached XP level 3. HP: 31/33 MP: 2/2
  1931 | D:2      | Reached XP level 4. HP: 35/40 MP: 3/3
  2203 | D:3      | Noticed a toenail golem
  2212 | D:3      | Found a transporter.
  2215 | D:3      | Found a one-way gate to the infinite horrors of the Abyss.
  2215 | D:3      | Noticed Drangen's ghost (amateur GrEE)
  2220 | D:3      | Found a transporter.
  2276 | D:3      | Noticed a small abomination
  2726 | D:4      | Noticed Blork the orc
  2732 | D:4      | Killed Blork the orc
  2733 | D:4      | Reached XP level 5. HP: 32/47 MP: 4/4
  2813 | D:4      | Noticed Natasha
  2817 | D:4      | Killed Natasha
  2986 | D:4      | Noticed Natasha
  2993 | D:4      | Killed Natasha
  3065 | D:4      | Reached XP level 6. HP: 54/55 MP: 5/5
  3138 | D:4      | Noticed Natasha
  3141 | D:4      | Killed Natasha
  3142 | D:4      | Reached skill level 5 in Fighting
  3222 | D:4      | Reached skill level 5 in Armour
  3222 | D:4      | Reached skill level 5 in Shields
  3228 | D:4      | Found Baceaj's Book Boutique.
  3257 | D:4      | Found a runed translucent door.
  3257 | D:4      | Noticed mn3067's ghost (amateur TrFi)
  3282 | D:4      | Found a runed translucent door.
  3292 | D:4      | Found Beclossokky's Magic Scroll Shoppe.
  3325 | D:4      | Bought a scroll of fear for 56 gold pieces
  3466 | D:4      | Reached XP level 7. HP: 52/61 MP: 6/6
  3507 | D:4      | Found Pacuwn's Jewellery Boutique.
  3880 | D:5      | Entered Level 5 of the Dungeon
  4172 | D:5      | Reached skill level 5 in Axes
  4174 | D:5      | Noticed Grinder
  4285 | D:5      | Paralysed by Grinder for 2 turns
  4305 | D:5      | Killed Grinder
  4306 | D:5      | Reached XP level 8. HP: 70/70 MP: 7/7
  4519 | D:5      | Found a staircase to the Ecumenical Temple.
  4526 | Temple   | Entered the Ecumenical Temple
  4539 | Temple   | Became a worshipper of Warmaster Okawaru
  4813 | D:6      | Noticed Maggie
  4828 | D:6      | Killed Maggie
  4828 | D:6      | Reached * piety under Okawaru
  4829 | D:6      | Reached skill level 5 in Dodging
  4945 | D:6      | Noticed Prince Ribbit
  4982 | D:6      | Found a radiant altar of Vehumet.
  5022 | D:6      | Prince Ribbit changed into Prince Ribbit the golden eye
  5022 | D:6      | Noticed Prince Ribbit
  5033 | D:6      | Prince Ribbit the golden eye changed into Prince Ribbit the
                  | meliai
  5033 | D:6      | Noticed Prince Ribbit
  5034 | D:6      | Killed Prince Ribbit the meliai
  5034 | D:6      | Reached ** piety under Okawaru
  5035 | D:6      | Reached XP level 9. HP: 14/79 MP: 8/8
  5235 | D:6      | Found a hazy altar of Hepliaklqana.
  5242 | D:6      | Found a white marble altar of Elyvilon.
  5249 | D:6      | Found a glowing golden altar of the Shining One.
  5251 | D:6      | Found a sacrificial altar of Ru.
  5256 | D:6      | Found a blossoming altar of Fedhas.
  5324 | D:6      | Noticed Menkaure
  5862 | D:6      | Killed Menkaure
  5934 | D:6      | Reached *** piety under Okawaru
  6688 | D:7      | Found an ornate altar of the Wu Jian Council.
  6789 | D:7      | Found a glowing silver altar of Zin.
  7287 | D:8      | Noticed Pikel
  7310 | D:8      | Killed Pikel
  7310 | D:8      | Reached **** piety under Okawaru
  7311 | D:8      | Reached XP level 10. HP: 85/90 MP: 9/9
  7631 | D:8      | Noticed Vontreibholz's ghost (novice HOFi)
  7638 | D:8      | Found a runed translucent gate.
  7640 | D:8      | Found a runed translucent gate.
  7641 | D:8      | Found a runed translucent gate.
  7652 | D:8      | Found a roughly hewn altar of Beogh.
  7896 | D:8      | Killed Vontreibholz's ghost
  7896 | D:8      | Reached ***** piety under Okawaru
  7971 | D:9      | Noticed a two-headed ogre
  7981 | D:9      | Killed a two-headed ogre
  8082 | D:9      | Noticed a cyclops
  8105 | D:9      | Killed a cyclops
  8192 | D:9      | Noticed a death yak
  8223 | D:8      | Killed a death yak
  8223 | D:8      | Received a gift from Okawaru
  8224 | D:8      | Reached XP level 11. HP: 79/99 MP: 10/10
  8290 | D:9      | Reached skill level 10 in Armour
  8329 | D:9      | Reached skill level 10 in Fighting
  8329 | D:9      | Reached skill level 10 in Shields
  8541 | D:9      | Found a staircase to the Lair.
  8601 | D:9      | Identified the +0 pair of boots of Contentment {SInv
                  | Stlth+}
  8713 | D:9      | Gained mutation: Your body sometimes deteriorates upon
                  | taking damage. [potion of mutation]
  8938 | D:10     | Entered Level 10 of the Dungeon
  8942 | D:10     | Noticed a two-headed ogre
  8955 | D:10     | Killed a two-headed ogre
  8956 | D:10     | Reached skill level 10 in Axes
  9121 | D:10     | Received a gift from Okawaru
  9303 | D:10     | Noticed a two-headed ogre
  9321 | D:10     | Killed a two-headed ogre
  9344 | D:10     | Noticed a deep elf pyromancer
  9344 | D:10     | Noticed a cyan ugly thing
  9362 | D:10     | Killed a cyan ugly thing
  9377 | D:10     | Killed a deep elf pyromancer
  9629 | D:10     | Reached ****** piety under Okawaru
  9629 | D:10     | Received a gift from Okawaru
  9639 | D:10     | Acquired the +7 war axe "Gaotaeni" {drain, Will+}
  9639 | D:10     | Received a gift from Okawaru
  9641 | D:10     | Acquired the scarf of Sameoq {shadows, rN++ Stlth+}
  9641 | D:10     | Received a gift from Okawaru
  9892 | D:10     | Found a staircase to the Orcish Mines.
  9893 | D:10     | Noticed a two-headed ogre
  9903 | D:10     | Killed a two-headed ogre
 10225 | D:11     | Reached XP level 12. HP: 110/110 MP: 11/11
 10666 | D:11     | Received a gift from Okawaru
 10694 | D:11     | Lost mutation: Your body sometimes deteriorates upon taking
                  | damage. [potion of mutation]
 10694 | D:11     | Gained mutation: You have hidden genetic defects. [potion
                  | of mutation]
 10695 | D:11     | Lost mutation: You have hidden genetic defects. [potion of
                  | mutation]
 10695 | D:11     | Gained mutation: Your movements are slightly less
                  | encumbered by armour. (ER -2) [potion of mutation]
 10695 | D:11     | Gained mutation: Your system is resistant to poisons.
                  | (rPois) [potion of mutation]
 11068 | D:12     | Noticed a tengu warrior
 11073 | D:12     | Killed a tengu warrior
 11074 | D:12     | Reached skill level 10 in Dodging
 11122 | D:12     | Noticed a two-headed ogre
 11128 | D:12     | Killed a two-headed ogre
 11621 | D:12     | Noticed a two-headed ogre
 11633 | D:12     | Killed a two-headed ogre
 11825 | D:12     | Received a gift from Okawaru
 11927 | D:12     | Found a blossoming altar of Fedhas.
 12194 | D:13     | Noticed a four-headed hydra
 12203 | D:13     | Killed a four-headed hydra
 12257 | D:13     | Noticed a centaur warrior
 12263 | D:13     | Killed a centaur warrior
 12374 | D:13     | Noticed a two-headed ogre
 12381 | D:13     | Killed a two-headed ogre
 12557 | D:13     | Reached XP level 13. HP: 84/119 MP: 12/12
 12761 | D:13     | Noticed Erolcha
 12791 | D:13     | Killed Erolcha
 12791 | D:13     | Received a gift from Okawaru
 13093 | D:13     | Found a gate to the Vaults.
 13094 | D:13     | Identified the +4 robe of Uskayaw's Delight {^Contam rF++
                  | Int+4}
 13518 | D:14     | Noticed Nessos
 13529 | D:14     | Killed Nessos
 13672 | D:14     | Received a gift from Okawaru
 13801 | D:14     | Noticed Roxanne
 14226 | D:14     | Received a gift from Okawaru
 14539 | D:14     | Killed Roxanne
 14761 | Lair:1   | Entered Level 1 of the Lair of Beasts
 15076 | Lair:1   | You are sucked into a shaft and drop 1 floor!
 15134 | Lair:1   | Reached XP level 14. HP: 127/130 MP: 13/13
 15431 | Lair:1   | Received a gift from Okawaru
 16114 | Lair:2   | Noticed Urug
 16125 | Lair:2   | Killed Urug
 16464 | Lair:2   | Found a staircase to the Swamp.
 16678 | Lair:2   | Noticed Nergalle
 16687 | Lair:2   | Killed Nergalle
 16891 | Lair:2   | Noticed Fannar
 16911 | Lair:2   | Killed Fannar
 16912 | Lair:2   | Reached skill level 1 in Invocations
 16993 | Lair:3   | Found a staircase to the Snake Pit.
 17040 | Lair:3   | Received a gift from Okawaru
 17088 | Lair:3   | Noticed Josephine
 17130 | Lair:3   | Reached skill level 5 in Invocations
 17177 | Lair:3   | Killed Josephine
 17274 | Lair:3   | Found a stormy altar of Qazlal.
 17303 | Lair:3   | Got Emipty's Dissertation on Weathered Damage
 18132 | Lair:4   | Found a gate leading to a gauntlet.
 18147 | Gauntlet | Entered a Gauntlet
 18147 | Gauntlet | Found a transporter.
 18158 | Gauntlet | Found a transporter.
 18160 | Gauntlet | Found a transporter.
 18173 | Gauntlet | Found a transporter.
 18174 | Gauntlet | Found a transporter.
 18184 | Gauntlet | Found a transporter.
 18202 | Gauntlet | Found a transporter.
 18214 | Gauntlet | Found a transporter.
 18226 | Gauntlet | Found a transporter.
 18245 | Gauntlet | Found a transporter.
 18259 | Gauntlet | Found a transporter.
 18259 | Gauntlet | Found a transporter.
 18308 | Gauntlet | Found a transporter.
 18323 | Gauntlet | Found a transporter.
 18417 | Gauntlet | Received a gift from Okawaru
 18425 | Gauntlet | Identified the amulet "Paak" {Acrobat rF+ rCorr}
 18471 | Gauntlet | Identified the ring of Ekhlaal {Will+ Dex+4}
 18514 | Gauntlet | Identified the +12 long sword "Ilyin" {venom, Stlth+}
 19438 | Lair:5   | Entered Level 5 of the Lair of Beasts
 19439 | Lair:5   | Found a viscous altar of Jiyva.
 19439 | Lair:5   | Found a staircase to the Slime Pits.
 19627 | Lair:5   | Received a gift from Okawaru
 19637 | Lair:5   | Reached skill level 10 in Invocations
 19637 | Lair:5   | Reached XP level 15. HP: 119/138 MP: 21/21
 19760 | Lair:5   | Identified the +2 helmet of Uwnuow {Harm Dex-5 SInv}
 20076 | Lair:5   | Received a gift from Okawaru
 20803 | Orc:1    | Entered Level 1 of the Orcish Mines
 20963 | Orc:2    | Entered Level 2 of the Orcish Mines
 21025 | Orc:2    | Found a flickering gateway to a bazaar.
 21043 | Bazaar   | Entered a bazaar
 21043 | Bazaar   | Found Qoyck's Book Emporium.
 21043 | Bazaar   | Found Anesid's Weapon Shoppe.
 21043 | Bazaar   | Found Kuplui's Assorted Antiques.
 21043 | Bazaar   | Found Ricsosch's Armour Emporium.
 21043 | Bazaar   | Found Jyriric's Armour Emporium.
 21066 | Bazaar   | Bought a scroll of revelation for 270 gold pieces
 21121 | Orc:2    | Found a staircase to the Elven Halls.
 21130 | Orc:2    | Found a frozen archway.
 21149 | IceCv    | Entered an ice cave
 21305 | IceCv    | Received a gift from Okawaru
 21570 | IceCv    | Noticed a frost giant
 21587 | IceCv    | Killed a frost giant
 22291 | Orc:1    | Reached skill level 15 in Armour
 22299 | Orc:1    | Reached skill level 15 in Shields
 22371 | Orc:1    | Found Recvumug's Distillery.
 22385 | Orc:1    | Bought a potion of curing for 36 gold pieces
 22385 | Orc:1    | Bought a potion of mutation for 96 gold pieces
 22385 | Orc:1    | Bought a potion of magic for 96 gold pieces
 22385 | Orc:1    | Bought a potion of mutation for 96 gold pieces
 22385 | Orc:1    | Bought a potion of magic for 96 gold pieces
 22385 | Orc:1    | Bought a potion of ambrosia for 96 gold pieces
 22385 | Orc:1    | Bought a potion of curing for 36 gold pieces
 22385 | Orc:1    | Bought a potion of haste for 120 gold pieces
 22464 | Orc:1    | Reached skill level 15 in Fighting
 22601 | Orc:2    | Found a roughly hewn altar of Beogh.
 22606 | Orc:2    | Found Kutiodus's Book Shoppe.
 22817 | Orc:2    | Received a gift from Okawaru
 23169 | Orc:2    | Found a roughly hewn altar of Beogh.
 23188 | Orc:2    | Found a roughly hewn altar of Beogh.
 23262 | Orc:2    | Found a roughly hewn altar of Beogh.
 23313 | Orc:2    | Found Pan Dito's General Store.
 23319 | Orc:2    | Bought a scroll of enchant armour for 90 gold pieces
 23319 | Orc:2    | Bought a scroll of enchant weapon for 90 gold pieces
 23526 | Orc:2    | Found a roughly hewn altar of Beogh.
 23733 | Orc:2    | Found Xemooh's Antique Weapon Shop.
 23734 | Orc:2    | Found a roughly hewn altar of Beogh.
 23735 | Orc:2    | Found Pomo's Antique Armour Boutique.
 23900 | D:15     | Entered Level 15 of the Dungeon
 23909 | D:15     | Reached XP level 16. HP: 149/149 MP: 22/22
 23918 | D:15     | Reached skill level 15 in Axes
 23922 | D:15     | Found a staircase to the Depths.
 23923 | D:15     | Noticed Rupert
 23942 | D:15     | Killed Rupert
 24067 | D:15     | Received a gift from Okawaru
 24438 | D:15     | Found Keqil's Armour Emporium.
 24807 | Snake:1  | Entered Level 1 of the Snake Pit
 25035 | Snake:1  | Noticed Louise
 25056 | Snake:1  | Killed Louise
 25443 | Snake:1  | Identified the amulet "Fulakkod" {RegenMP ^Drain Will+
                  | rCorr Int+4}
 25886 | Snake:1  | Received a gift from Okawaru
 26418 | Snake:2  | Identified the +2 shortbow "Ropiti" {speed, rN+ Dex+4}
 26539 | Snake:2  | Received a gift from Okawaru
 26924 | Snake:2  | Found Novaimyif's General Store.
 26932 | Snake:2  | Bought a potion of resistance for 120 gold pieces
 26932 | Snake:2  | Bought a potion of cancellation for 96 gold pieces
 26932 | Snake:2  | Bought a potion of curing for 36 gold pieces
 27108 | Snake:2  | Identified the +1 hand axe of Righteous Fury {drain, rPois}
 27448 | Snake:3  | Noticed Jorgrun
 27459 | Snake:3  | Killed Jorgrun
 27490 | Snake:3  | Found a transporter.
 27503 | Snake:3  | Received a gift from Okawaru
 27576 | Snake:3  | Noticed Enothyex's ghost (adept OpSh)
 27631 | Snake:3  | Found a transporter.
 27659 | Snake:3  | Reached XP level 17. HP: 26/159 MP: 23/23
 28004 | Snake:3  | Identified the +0 cloak "Meaffet" {rC+ Stlth+}
 28031 | Snake:3  | Killed Enothyex's ghost
 28143 | Snake:3  | Found Tetog's Armour Boutique.
 28148 | Snake:3  | Found Noet's Antique Weapon Boutique.
 28148 | Snake:3  | Found Lyta's Antique Armour Shop.
 28154 | Snake:3  | Found Wegohol's General Store.
 28162 | Snake:3  | Bought 2 potions of curing for 96 gold pieces
 28213 | Snake:3  | Identified the +4 trident "Zagoh" {vamp, rC+ Str+3 Stlth+}
 28234 | Snake:3  | Bought 3 scrolls of brand weapon for 456 gold pieces
 28357 | Snake:3  | Identified the +1 scale mail of Light {Harm *Corrode Int+3
                  | Stlth+}
 28573 | Snake:3  | Noticed Bai Suzhen
 28590 | Snake:3  | Killed from afar by Bai Suzhen

Illustrated notes

Levels and vault maps discovered:
D:1:      tarquinn_simple_flora_water_a, layout_loops_corners,
          serial_co_window_serial, co_window_paths_b, co_window_cross_1,
          co_window_of_opportunity_a, co_window_of_opportunity_a,
          co_window_paths_a, co_window_paths_a, co_window_paths_a,
          co_window_of_opportunity_b, co_window_of_opportunity_c,
          co_window_of_opportunity_b, co_window_broadway_c, co_window_2corner,
          co_window_4corner_b, co_window_sun, glass_columns_a, glass_columns_a,
          kennysheep_small_spiral
D:2:      cheibrodos_helix_gallery, layout_basic, minmay_pentomino_o2
D:3:      layout_loops_ring, gammafunk_ghost_abyssal_escape,
          chequers_serial_rivers_micro_a, kennysheep_cross_room,
          minmay_surrounded
D:4:      layout_loops_corners, ebering_ghost_sewer_f, serial_shops,
          nicolae_shop_gaudy_bauble, nicolae_shop_peninsula, shop,
          uniq_blork_the_orc, uniq_natasha
D:5:      layout_basic, temple_doors_e, uniq_grinder
D:6:      layout_basic, nicolae_overflow_hallway_of_the_gods,
          nicolae_grassy_gnolls, uniq_maggie, uniq_prince_ribbit1, uniq_menkaure
D:7:      layout_loops_cross, mainiacjoe_overflow_24_doors,
          pdpol_wu_jian_five_deadly_venoms
D:8:      layout_basic, biasface_ghost_orc_armoury, uniq_pikel
D:9:      layout_loops_cross, dpeg_lair_monsters
D:10:     layout_cave_pools, erik_orc_1, minmay_chambers_of_fives
D:11:     layout_basic
D:12:     layout_loops_cross, roadster_trireme
D:13:     layout_basic, david_vaults_5, uniq_erolcha
D:14:     layout_irregular_city, serial_park_tiny_1, uniq_nessos, uniq_roxanne
D:15:     grunt_enter_depths_giant_problem, layout_rooms,
          palyth_stone_intersect, serial_shops,
          nicolae_shop_competitors_out_of_business, uniq_rupert
Temple:   nicolae_temple_great_sept
Lair:1:   kb_forest_paths, layout_cave_pods, beast_lair_carwin_1
Lair:2:   layout_gridlike, nicolae_swamp_entry_splash_gauntlet,
          serial_bayou_pond_d, infiniplex_staircase_pool_2, uniq_urug,
          uniq_fannar, uniq_nergalle
Lair:3:   layout_gridlike, guppyfry_snake_entry_garden, basic_altar,
          uniq_josephine
Lair:4:   hellmonk_destroyed_diamonds, layout_hall_layers,
          gauntlet_entry_generic
Lair:5:   minmay_lair_end_enchanted_forest, layout_long_grid, slime_entry_1
Snake:1:  layout_grid_maze, uniq_louise
Snake:2:  layout_misc_corridors, serial_shops, shop, serial_bayou_lake_a
Snake:3:  layout_cave_town, gammafunk_ghost_arena, minmay_shoptagon,
          uniq_bai_suzhen, uniq_jorgrun
Orc:1:    layout_diamond_mine, serial_shops, nicolae_shop_crystal
Orc:2:    grunt_orc_community_town_hall, layout_caves,
          grunt_orc_community_big_house_2, grunt_orc_community_big_house_2,
          grunt_orc_community_house_1, grunt_orc_community_house_3,
          grunt_orc_community_house_1, grunt_orc_community_house_2,
          grunt_orc_community_house_1, grunt_orc_community_house_2,
          portal_ice_cave_demonic_guard, serial_shops, bzr_entry_lakeside

Skill      XL: |  1  2  3  4  5  6  7  8  9 10 11 12 13 14 15 16 |
---------------+-------------------------------------------------+-----
Dodging        | 1 2 3 4 5 7 8 9 10 12 13 14 | 14.8
Fighting       | 4 5 6 7 8 9 11 12 13 14 15 16 | 16.5
Armour         | 4 5 6 7 8 9 11 12 13 14 15 16 | 16.5
Shields        | 4 5 6 7 8 9 11 12 13 14 15 16 | 16.5
Axes           | 3 4 5 6 8 9 10 12 13 14 16 | 16.2
Invocations    | 10 | 10.0

Action                     |  1- 3 |  4- 6 |  7- 9 | 10-12 | 13-15 | 16-18 || total
---------------------------+-------+-------+-------+-------+-------+-------++-------
  Melee: War axe           |    76 |    77 |   295 |   553 |  1235 |   454 ||  2690
         Headbutt          |    12 |     8 |    41 |   122 |   327 |   136 ||   646
         Unarmed           |       |       |    10 |       |       |       ||    10
         Flail             |       |       |       |     7 |    28 |       ||    35
         Broad axe         |       |       |       |       |       |    32 ||    32
 Invoke: Receive Weapon    |       |       |       |     1 |       |       ||     1
         Receive Armour    |       |       |       |     1 |       |       ||     1
         Heroism           |       |       |       |     1 |     3 |     5 ||     9
  Evoke: Wand              |       |       |     4 |     2 |     5 |       ||    11
    Use: Scroll            |       |    10 |    12 |     8 |    13 |     7 ||    50
         Potion            |       |     1 |     8 |     6 |     3 |     4 ||    22
   Stab: Invisible         |       |       |     1 |       |       |       ||     1
 Armour: Scale mail        |    53 |    71 |       |       |       |       ||   124
         Chain mail        |       |       |   189 |   251 |   468 |   277 ||  1185
         Skin              |       |       |    42 |       |       |       ||    42
  Dodge: Dodged            |    42 |    44 |   153 |   162 |   437 |   234 ||  1072
  Block: Buckler           |    20 |    16 |       |       |       |       ||    36
         Kite shield       |       |       |   195 |   475 |   990 |   437 ||  2097
         Reflection        |       |       |     1 |    16 |     9 |    38 ||    64

Table legend: (Time is in decaauts)
 A = Elapsed time spent in this place.
 B = Non-inter-level travel time spent in this place.
 C = Inter-level travel time spent in this place.
 D = Time resting spent in this place.
 E = Time spent auto-exploring this place.
 F = Levels seen in this place.
 G = Mean time per level.
                   A        B        C        D        E       F      G
               +--------+--------+--------+--------+--------+-----+--------+
         Total |  28381 |  27096 |   1285 |    879 |  20420 |  29 |  978.7 |
       Dungeon |  15725 |  14973 |    752 |    499 |  11413 |  15 | 1048.3 |
        Temple |     23 |     13 |     10 |      0 |      0 |   1 |   23.0 |
          Lair |   5626 |   5239 |    387 |      0 |   4124 |   5 | 1125.2 |
     Snake Pit |   3690 |   3617 |     73 |    143 |   2828 |   3 | 1230.0 |
  Orcish Mines |   1801 |   1740 |     61 |      6 |   1244 |   2 |  900.5 |
        Bazaar |     35 |     35 |      0 |      0 |      0 |   1 |   35.0 |
      Ice Cave |   1091 |   1091 |      0 |    229 |    584 |   1 | 1091.0 |
      Gauntlet |    386 |    386 |      0 |      1 |    227 |   1 |  386.0 |
               +--------+--------+--------+--------+--------+-----+--------+

Top non-repeatable levels by time:
    D:14: 1469 daAuts
    D:10: 1390 daAuts
   Orc:2: 1370 daAuts
 Snake:1: 1351 daAuts
     D:6: 1351 daAuts
 Snake:2: 1224 daAuts
  Lair:5: 1194 daAuts
  Lair:1: 1177 daAuts
     D:4: 1174 daAuts
  Lair:3: 1167 daAuts
    D:13: 1162 daAuts
  Lair:2: 1143 daAuts
     D:8: 1126 daAuts
 Snake:3: 1114 daAuts
    D:12: 1113 daAuts
